 Dungeon Crawl Stone Soup version 0.31-a0-256-g80acddb972 (webtiles) character file.

Game seed: 8778338927443136403

33928 mushki the Severer (level 13, -9/124 HPs)
             Began as a Minotaur Gladiator on July 13, 2023.
             Mangled by Rupert
             ... wielding a +2 heavy battleaxe
              (39 damage)
             ... on level 4 of the Lair of Beasts.
             The game lasted 00:39:46 (13598 turns).

mushki the Severer (Minotaur Gladiator)            Turns: 13598, Time: 00:39:47

Health: -9/124     AC: 13    Str: 22    XL:     13   Next: 39%
Magic:  12/12      EV: 17    Int:  7    God:
Gold:   975        SH:  0    Dex: 17    Spells: 12/12 levels left

rFire   . . .        B - +2 battleaxe of Expedience {speed, *Corrode Int+3 Dex+5}
rCold   + + .        (shield currently unavailable)
rNeg    + + +        q - +2 ring mail of Limitation {Dex+4}
rPois   .            c - +2 hat
rElec   .            E - scarf of Crawling {harm, rC++ rN+++ Regen+ Str-2 Int-5}
rCorr   .            (no gloves)
SInv    .            Y - +2 pair of boots
Will    .....        (no amulet)
Stlth   +            j - +4 ring of slaying
HPRegen 1.20/turn    T - +5 ring of evasion
MPRegen 0.13/turn

%: corrode self (3%), harm (+30% outgoing, +20% incoming)
@: no status effects
A: horns 2, retaliatory headbutt, hooves 1, clever 1, clumsy 1, deformed body,
deterioration 1, sense surroundings 1, no potion heal 1, devolution 1
a: no special abilities


You were on level 4 of the Lair of Beasts.
You visited 3 branches of the dungeon, and saw 15 of its levels.
You also visited: Sewer.

You collected 975 gold pieces.

Inventory:

Hand Weapons
 k - the +4 war axe of Unuwkyci {distort, rC+ SInv}
   (You found it on level 5 of the Dungeon)

   rC:        It protects you from cold.
   SInv:      It lets you see invisible.
 B - the +2 battleaxe of Expedience (weapon) {speed, *Corrode Int+3 Dex+5}
   (You acquired it on level 7 of the Dungeon)

   Int:       It affects your intelligence (+3).
   Dex:       It affects your dexterity (+5).
   *Corrode:  It may corrode you when you take damage.
Missiles
 d - 4 throwing nets (quivered)
 e - 5 silver javelins
 l - 3 javelins
Armour
 c - a +2 hat (worn)
 q - the +2 ring mail of Limitation (worn) {Dex+4}
   (You found it on level 2 of the Dungeon)

   Dex:       It affects your dexterity (+4).
 v - the +2 leather armour of Nywuxt {+Blink rF- rC++ SInv}
   (You found it on level 5 of the Dungeon)

   rF:        It makes you vulnerable to fire.
   rC:        It greatly protects you from cold.
   SInv:      It lets you see invisible.
   +Blink:    It lets you blink.
 E - the scarf of Crawling (worn) {harm, rC++ rN+++ Regen+ Str-2 Int-5}
   (You acquired it on level 7 of the Dungeon)

   Str:       It affects your strength (-2).
   Int:       It affects your intelligence (-5).
   rC:        It greatly protects you from cold.
   rN:        It renders you almost immune to negative energy.
   Regen:     It increases your rate of health regeneration.
 Y - a +2 pair of boots (worn)
Jewellery
 a - a ring of flight
 j - a +4 ring of slaying (left hand)
 s - a ring of resist corrosion
 L - a ring of poison resistance
 T - a +5 ring of evasion (right hand)
Talismans
 y - a maw talisman
 z - a maw talisman
Wands
 o - a wand of paralysis (14)
 A - a wand of polymorph (5)
 K - a wand of flame (9)
 N - a wand of iceblast (9)
 S - a wand of mindburst (13)
Scrolls
 f - a scroll of brand weapon {unknown}
 h - 12 scrolls of teleportation
 m - 2 scrolls of enchant armour
 n - 6 scrolls of revelation
 u - 2 scrolls of poison
 w - 5 scrolls of fear
 F - 2 scrolls of summoning
 M - 5 scrolls of fog
Potions
 b - 3 potions of lignification
 g - a potion of resistance {unknown}
 i - 6 potions of curing
 p - 5 potions of brilliance
 r - 3 potions of might
 C - 2 potions of invisibility
 D - 4 potions of heal wounds
 G - a potion of berserk rage
 H - 2 potions of enlightenment
 R - a potion of ambrosia
 U - a potion of attraction
Miscellaneous
 Q - a phial of floods
 X - a piece from Xom's chessboard (14/15)


   Skills:
 + Level 14.0 Fighting
 * Level 19.3 Axes
 - Level 2.0 Throwing
 + Level 13.8 Armour
 - Level 3.2 Dodging


You had 12 spell levels left.
You didn't know any spells.
Your spell library contained the following spells:

 Spells                   Type           Power      Damage    Failure   Level
 Sting                    Tmut/Pois      0%         1d3       54%         1
 Poisonous Vapours        Pois/Air       0%         N/A       69%         2
 Call Canine Familiar     Summ           0%         N/A       89%         3
 Portal Projectile        Hex/Tloc       0%         N/A       89%         3
 Tukima's Dance           Hex            0%         N/A       89%         3
 Leda's Liquefaction      Hex/Erth       0%         N/A       100%        4
 Olgreb's Toxic Radiance  Pois           0%         N/A       100%        4
 Passage of Golubria      Tloc           0%         N/A       100%        4
 Yara's Violent Unravell  Hex/Tmut       0%         3d3       100%        5


Dungeon Overview and Level Annotations

Branches:
Dungeon (10/15)            Temple (0/1) D:6            Lair (4/5) D:9
 Shoals (1/4) Lair:2       Spider (0/4) Lair:3          Orc (0/2) D:10
  Sewer (visited)
  Slime: Lair:4-5

Altars:
Ashenzari
Elyvilon
Fedhas
Makhleb

Shops:
D:3 =   D:5 =

Annotations:
Lair:4 Rupert
Abyss:1 Duvessa


Innate Abilities, Weirdness & Mutations

You have a pair of horns on your head.
You reflexively headbutt those who attack you in melee.
You have large cloven feet.
Your mind is acute. (Int +4, Str/Dex -1)
You are clumsy. (Dex -2)
Armour fits poorly on your strangely shaped body.
Your body sometimes deteriorates upon taking damage.
You passively map a small area around you.
Potions are less effective at restoring your health.
You have hidden genetic defects.


Message History

Rupert the Wild comes into view.
He is wielding a +2 heavy battleaxe.
Rupert shouts!
There is a stone staircase leading down here.
Rupert hits you with a +2 heavy battleaxe!!
You hit Rupert.
Rupert is lightly wounded.
You hit Rupert. Your headbutt misses Rupert.
Rupert is lightly wounded.
Rupert roars madly and goes into a rage!
Rupert goes berserk!
You slash Rupert!
Rupert is lightly wounded.
You closely miss Rupert.
Rupert is lightly wounded.
Rupert hits you with a +2 heavy battleaxe.
You hit Rupert.
Rupert is lightly wounded.
You slash Rupert! You headbutt Rupert!
Rupert is moderately wounded.
Rupert barely misses you.
You slice Rupert!!
Rupert is heavily wounded.
You slash Rupert! You headbutt Rupert.
Rupert is heavily wounded.
Rupert barely misses you.
You barely miss Rupert. You headbutt Rupert!
Rupert is severely wounded.
You hit Rupert. Your headbutt misses Rupert.
Rupert is severely wounded.
Rupert hits you with a +2 heavy battleaxe!!!
Ouch! That really hurt!
* * * LOW HITPOINT WARNING * * *
You are too injured to fight recklessly!
You are too injured to fight recklessly!
You slice Rupert!! You headbutt Rupert!
Rupert is almost dead.
You closely miss Rupert.
Rupert is almost dead.
Rupert hits you with a +2 heavy battleaxe!!
You die...

.................................
..................#..##.##..#....
#................#########.......
########PP..#....## ##...#....
*##..###...# ####P...##... *
#...#....###............ * *
.......>................ *
........................
...##..@##..>........... ...
#..@.##............. , , ..
#.................... ,
*##....#...#.......... ** *
*#....#........#.P.## * ,
..............##### *
,P##....,......## ##*#..#.. ...,
, ,


You could see Rupert (berserk).

Vanquished Creatures
  Gastronok (D:9)
  Snorg (Lair:4)
  An ogre mage (D:10)
  2 two-headed ogres
  A spriggan (Lair:1)
  Nergalle (Lair:3)
  A skyshark (Lair:3)
  An ugly thing (D:10)
  4 cyclopes
  13 elephants
  Joseph (D:8)
  3 black mambas
  9 cane toads
  Maggie (D:8)
  A rime drake (Lair:2)
  8 komodo dragons
  A freezing wraith (D:10)
  3 trolls
  A polar bear (Lair:4)
  2 hornets
  11 blink frogs
  A snapping turtle (Lair:2)
  A shadow (D:10)
  2 culicivoras (Lair:3)
  4 wyverns
  25 yaks
  2 vampire mosquitoes (D:10)
  3 basilisks
  10 water moccasins
  4 acid dragons
  3 black bears
  2 sky beasts (D:7)
  2 ice beasts
  7 orc warriors
  An ogre (D:5)
  6 wolves
  5 centaurs
  6 kobold brigands
  16 bullfrogs
  4 scorpions
  5 wights
  Dowan (D:7)
  5 howler monkeys
  2 electric eels (Lair:3)
  A hound (D:5)
  A lava snake (D:10)
  A gnoll bouda (D:5)
  7 jellies
  9 orc priests
  2 iguanas
  Ijyb (D:2)
  11 orc wizards
  6 gnolls
  10 adders
  7 river rats (Sewer)
  A shadow imp (D:7)
  7 white imps
  2 worms (D:3)
  3 dart slugs
  40 orcs
  12 ball pythons
  4 bats
  8 endoplasms
  3 giant cockroaches
  8 goblins
  6 hobgoblins
  2 jackals (D:1)
  35 kobolds
  3 frilled lizards
  25 rats
399 creatures vanquished.

Notes
Turn   | Place    | Note
-------+----------+-------------------------------------------
     0 | D:1      | mushki the Minotaur Gladiator began the quest for the Orb.
     0 | D:1      | Reached XP level 1. HP: 18/18 MP: 0/0
   169 | D:1      | Reached skill level 4 in Axes
   169 | D:1      | Reached XP level 2. HP: 25/25 MP: 1/1
   255 | D:1      | Reached skill level 1 in Armour
   797 | D:2      | Noticed Ijyb
   805 | D:2      | Reached XP level 3. HP: 26/31 MP: 2/2
   806 | D:2      | Paralysed by Ijyb for 5 turns
   818 | D:2      | Killed Ijyb
   951 | D:2      | Identified the +2 ring mail of Limitation {Dex+4}
  1027 | D:2      | Reached XP level 4. HP: 37/38 MP: 3/3
  1291 | D:2      | Reached skill level 5 in Axes
  1447 | D:3      | Found a faded altar of an unknown god.
  1636 | D:3      | Found a burning altar of Makhleb.
  1636 | D:3      | Noticed a green death
  1847 | D:3      | Found a broken altar of Ashenzari.
  1993 | D:3      | Found Neaph's Jewellery Boutique.
  2182 | D:3      | Found a white marble altar of Elyvilon.
  2635 | D:4      | Reached XP level 5. HP: 46/46 MP: 4/4
  2795 | D:4      | Reached skill level 6 in Axes
  2880 | D:4      | Reached XP level 6. HP: 52/52 MP: 5/5
  3095 | D:4      | Gained mutation: Your spells are a little harder to cast,
                  | but a little more powerful. [potion of mutation]
  3095 | D:4      | Gained mutation: You have hidden genetic defects. [potion
                  | of mutation]
  3095 | D:4      | Lost mutation: Your spells are a little harder to cast, but
                  | a little more powerful. [potion of mutation]
  3096 | D:4      | Lost mutation: You have hidden genetic defects. [potion of
                  | mutation]
  3096 | D:4      | Gained mutation: You are agile. (Dex +4, Str/Int -1)
                  | [potion of mutation]
  3096 | D:4      | Gained mutation: You have sharp fingernails. [potion of
                  | mutation]
  3612 | D:5      | Entered Level 5 of the Dungeon
  3620 | D:5      | Identified the +4 war axe of Unuwkyci {distort, rC+ SInv}
  3628 | D:5      | Found a glowing drain.
  3638 | Sewer    | Entered a sewer
  3831 | Sewer    | Reached skill level 7 in Axes
  3856 | Sewer    | Reached skill level 5 in Fighting
  3856 | Sewer    | Reached XP level 7. HP: 51/61 MP: 6/6
  4201 | D:5      | Found Vateryut's Jewellery Boutique.
  4206 | D:5      | Reached skill level 8 in Axes
  4282 | D:5      | You fall into a shaft and drop 1 floor!
  4335 | D:5      | Identified the +2 leather armour of Nywuxt {+Blink rF- rC++
                  | SInv}
  4350 | D:5      | Reached skill level 5 in Armour
  4360 | D:5      | Reached XP level 8. HP: 60/70 MP: 7/7
  4380 | D:5      | Reached skill level 9 in Axes
  4386 | D:5      | Lost mutation: You are agile. (Dex +4, Str/Int -1) [potion
                  | of mutation]
  4386 | D:5      | Lost mutation: You have sharp fingernails. [potion of
                  | mutation]
  4386 | D:5      | Gained mutation: Armour fits poorly on your strangely
                  | shaped body. [potion of mutation]
  4386 | D:5      | Gained mutation: You are clumsy. (Dex -2) [potion of
                  | mutation]
  4386 | D:5      | Gained mutation: Your mind is acute. (Int +4, Str/Dex -1)
                  | [potion of mutation]
  5029 | D:6      | Reached skill level 10 in Axes
  5063 | D:6      | Found a blossoming altar of Fedhas.
  5245 | D:6      | Found a staircase to the Ecumenical Temple.
  5787 | D:7      | Noticed Duvessa
  5787 | D:7      | Noticed Dowan
  5790 | D:7      | Banished Duvessa
  5791 | D:7      | Reached XP level 9. HP: 66/79 MP: 8/8
  5794 | D:7      | Killed Dowan
  6068 | D:7      | Reached skill level 11 in Axes
  6954 | D:7      | Identified 2 scrolls of acquirement
  6954 | D:7      | Acquired the +2 battleaxe of Expedience {speed, *Corrode
                  | Int+3 Dex+5}
  6967 | D:8      | Gained mutation: You do not regenerate when monsters are
                  | visible. [mutagenic glow]
  6986 | D:8      | Gained mutation: You have hidden genetic potential.
                  | [mutagenic glow]
  6993 | D:8      | Noticed Maggie
  7081 | D:7      | Acquired the scarf of Crawling {harm, rC++ rN+++ Regen+
                  | Str-2 Int-5}
  7113 | D:8      | Killed Maggie
  7114 | D:8      | Reached skill level 12 in Axes
  7183 | D:8      | Found a runed translucent door.
  7336 | D:8      | Found a runed translucent door.
  7504 | D:8      | Noticed Joseph
  7512 | D:8      | Reached XP level 10. HP: 77/91 MP: 9/9
  7523 | D:8      | Noticed a cyclops
  7533 | D:8      | Killed a cyclops
  7538 | D:8      | Reached skill level 13 in Axes
  7541 | D:8      | Killed Joseph
  8085 | D:9      | Noticed Gastronok
  8094 | D:9      | Killed Gastronok
  8095 | D:9      | Reached skill level 10 in Fighting
  8095 | D:9      | Reached skill level 14 in Axes
  8166 | D:9      | Found a staircase to the Lair.
  8176 | D:9      | Reached skill level 10 in Armour
  8239 | D:9      | Noticed a two-headed ogre
  8244 | D:9      | Killed a two-headed ogre
  8245 | D:9      | Reached XP level 11. HP: 90/101 MP: 10/10
  8628 | D:9      | Gained mutation: You have sharp toenails. [hidden
                  | potential]
  8737 | D:10     | Entered Level 10 of the Dungeon
  8946 | D:10     | Noticed a two-headed ogre
  8952 | D:10     | Reached skill level 15 in Axes
  8952 | D:10     | Killed a two-headed ogre
  9186 | D:10     | Noticed a green ugly thing
  9187 | D:10     | Noticed an ogre mage
  9196 | D:10     | Killed a green ugly thing
  9503 | D:10     | Killed an ogre mage
  9504 | D:10     | Reached skill level 16 in Axes
  9815 | D:10     | Found a staircase to the Orcish Mines.
  9934 | Lair:1   | Entered Level 1 of the Lair of Beasts
  9970 | Lair:1   | Noticed a spriggan rider
  9980 | Lair:1   | Killed a spriggan rider
  9994 | Lair:1   | Reached XP level 12. HP: 51/112 MP: 11/11
 10209 | Lair:1   | Reached skill level 17 in Axes
 10222 | Lair:1   | Gained mutation: You expend magic power (3 MP) to
                  | strengthen your wands. [hidden potential]
 10222 | Lair:1   | Lost mutation: You have hidden genetic potential. [hidden
                  | potential expressed]
 10976 | Lair:2   | Identified the +1 chain mail of Wuwnewon {rElec Will+ Str+3
                  | Dex-5}
 11284 | Lair:2   | Found a staircase to the Shoals.
 11336 | Shoals:1 | Entered Level 1 of the Shoals
 11350 | Shoals:1 | Noticed an alligator snapping turtle
 11353 | Shoals:1 | Noticed a merfolk impaler
 11524 | Lair:2   | Reached skill level 18 in Axes
 12067 | Lair:3   | Identified the +5 demon blade of the Blowfly {drain, *Noise
                  | rC+ Int+6 SInv}
 12220 | Lair:3   | Noticed Nergalle
 12226 | Lair:3   | Killed Nergalle
 12262 | Lair:3   | Reached XP level 13. HP: 104/122 MP: 12/12
 12323 | Lair:3   | Lost mutation: You do not regenerate when monsters are
                  | visible. [potion of mutation]
 12323 | Lair:3   | Lost mutation: You expend magic power (3 MP) to strengthen
                  | your wands. [potion of mutation]
 12323 | Lair:3   | Gained mutation: Your magical capacity is low. (-10% MP)
                  | [potion of mutation]
 12323 | Lair:3   | Gained mutation: Potions are less effective at restoring
                  | your health. [potion of mutation]
 12323 | Lair:3   | Gained mutation: You passively dampen the noise of your
                  | surroundings. [potion of mutation]
 12324 | Lair:3   | Lost mutation: You passively dampen the noise of your
                  | surroundings. [potion of mutation]
 12324 | Lair:3   | Lost mutation: You have sharp toenails. [potion of
                  | mutation]
 12324 | Lair:3   | Lost mutation: Your magical capacity is low. (-10% MP)
                  | [potion of mutation]
 12324 | Lair:3   | Gained mutation: You have large cloven feet. [potion of
                  | mutation]
 12324 | Lair:3   | Gained mutation: You have hidden genetic defects. [potion
                  | of mutation]
 12324 | Lair:3   | Gained mutation: You passively map a small area around you.
                  | [potion of mutation]
 12414 | Lair:3   | Found a hole to the Spider Nest.
 12680 | Lair:3   | Reached skill level 19 in Axes
 13082 | Lair:4   | Noticed Snorg
 13091 | Lair:4   | Killed Snorg
 13268 | Lair:4   | Gained mutation: Your body sometimes deteriorates upon
                  | taking damage. [hidden defects]
 13403 | Lair:4   | HP: 5/124 [seven-headed hydra (15)]
 13583 | Lair:4   | Noticed Rupert
 13598 | Lair:4   | Mangled by Rupert

Illustrated notes

Levels and vault maps discovered:
D:1:      psy_arrival_statuary, layout_loops_ring
D:2:      kennysheep_the_goblin_king, layout_loops_ring,
          kennysheep_pointless_box
D:3:      layout_loops_corners, makhleb_altar_promises_db,
          nicolae_elyvilon_peaceful_grove, mainiacjoe_overflow_alcove_1,
          chequers_ecumenical_altar_simple, serial_shops,
          nicolae_shop_gaudy_bauble
D:4:      layout_basic, st_stairs_12
D:5:      layout_gridville, serial_shops, nicolae_shop_tiny_waterfront,
          portal_sewer_entry_b, uniq_ijyb
D:6:      layout_basic, lemuel_round_altar, minmay_temple_entry_mist,
          minmay_starry_boxes
D:7:      layout_loops_corners, minmay_strange_pillars, uniq_duvessa
D:8:      cheibrodos_histonic, layout_basic, uniq_maggie, uniq_joseph
D:9:      layout_basic, david_lair_shrubbed, uniq_gastronok
D:10:     layout_stronghold, orc_0_dummy, grunt_decor_junction,
          minmay_shattered_shrine
Lair:1:   layout_cave_pods, grunt_forest_large_clearings, serial_bayou_shore_b
Lair:2:   layout_concentric_octagons, minmay_shoals_entry_hut,
          lemuel_fruit_fields
Lair:3:   layout_small_grid, hellmonk_spider_entry_life_and_decay,
          chequers_serial_rivers_small_a, beast_lair_carwin_10,
          serial_bayou_shore_a, uniq_nergalle
Lair:4:   layout_gridlike, minmay_hedge_maze, serial_bayou_shore_b, uniq_rupert,
          uniq_snorg
Shoals:1: layout_shoals, abandoned_shop

Skill      XL: |  1  2  3  4  5  6  7  8  9 10 11 12 13 |
---------------+----------------------------------------+-----
Axes           | 4 5 6 7 8 10 12 14 16 18 19 | 19.3
Armour         | 1 2 3 4 5 6 8 10 11 13 | 13.8
Fighting       | 3 4 5 6 7 9 10 12 13 14 | 14.0
Throwing       | |  2.0
Dodging        | |  3.2

Action                     |  1- 3 |  4- 6 |  7- 9 | 10-12 | 13-15 || total
---------------------------+-------+-------+-------+-------+-------++-------
  Melee: War axe           |    46 |   124 |   130 |       |       ||   300
         Headbutt          |     3 |    20 |    33 |    79 |    31 ||   166
         Maw               |       |       |     4 |       |       ||     4
         Battleaxe         |       |       |    42 |   325 |    96 ||   463
         Kick              |       |       |       |    61 |       ||    61
  Evoke: Phial of floods   |       |       |       |     1 |       ||     1
         Wand              |       |       |       |       |     3 ||     3
         Piece from Xom's  |       |       |       |       |     1 ||     1
    Use: Scroll            |       |     9 |     6 |    13 |     1 ||    29
         Potion            |       |     3 |     1 |       |     2 ||     6
 Armour: Leather armour    |    10 |       |       |       |       ||    10
         Ring mail         |     8 |    48 |    40 |    37 |    27 ||   160
         Skin              |       |     8 |       |       |       ||     8
  Dodge: Dodged            |    30 |    58 |    74 |   149 |    49 ||   360
  Block: Buckler           |     2 |    21 |    19 |       |       ||    42
         Form:             |       |       |     1 |       |       ||     1
         Maw               |       |       |     1 |       |       ||     1

Table legend: (Time is in decaauts)
 A = Elapsed time spent in this place.
 B = Non-inter-level travel time spent in this place.
 C = Inter-level travel time spent in this place.
 D = Time resting spent in this place.
 E = Time spent auto-exploring this place.
 F = Levels seen in this place.
 G = Mean time per level.
                   A        B        C        D        E       F      G
               +--------+--------+--------+--------+--------+-----+--------+
         Total |  13510 |  13134 |    376 |   1337 |   9650 |  16 |  844.4 |
       Dungeon |   9377 |   9072 |    305 |   1125 |   6499 |  10 |  937.7 |
          Lair |   3537 |   3466 |     71 |    212 |   2745 |   4 |  884.2 |
        Shoals |     42 |     42 |      0 |      0 |     11 |   1 |   42.0 |
         Sewer |    553 |    553 |      0 |      0 |    394 |   1 |  553.0 |
               +--------+--------+--------+--------+--------+-----+--------+

Top non-repeatable levels by time:
     D:7: 1430 daAuts
    D:10: 1159 daAuts
  Lair:2: 1124 daAuts
     D:4: 1105 daAuts
     D:3: 1093 daAuts
     D:6: 1060 daAuts
  Lair:3: 1056 daAuts
     D:9: 982 daAuts
  Lair:1: 862 daAuts
     D:2: 735 daAuts
     D:1: 711 daAuts
     D:8: 685 daAuts
   Sewer: 553 daAuts
  Lair:4: 493 daAuts
     D:5: 413 daAuts
